 Dungeon Crawl Stone Soup version 0.29-a0-321-gf1c400731a (webtiles) character file.

Game seed: 4053510428766887068

93 freelancePsychic the Cudgeller (level 4, -14/22 (23) HPs)
             Began as a Vine Stalker Wanderer on Apr 5, 2022.
             Demolished by a wight
             ... wielding a +3 battleaxe
              (17 damage)
             ... in an ossuary.
             The game lasted 00:05:43 (2088 turns).

freelancePsychic the Cudgeller (VSWn)               Turns: 2088, Time: 00:05:44

HP:   -14/22 (23)   AC:  3    Str: 26    XL:     4   Next: 61%
MP:   0/5           EV: 10    Int: 11    God:
Gold: 20            SH:  3    Dex: 11    Spells: 3/3 levels left

rFire   . . .      SeeInvis .   b - +0 short sword
rCold   . . .      Faith    .   a - +0 buckler
rNeg    . . .      Spirit   +   e - +0 leather armour
rPois   .          Reflect  .   (no helmet)
rElec   .          Harm     .   (no cloak)
rCorr   .          Rampage  .   (no gloves)
Will    .....                   (no boots)
Stlth   +.........              (no amulet)
HPRegen 0.87/turn               f - +6 ring of strength
MPRegen 0.09/turn               (no ring)

@: lightly drained
A: fangs 2, regeneration 1, magic shield, antimagic bite, no potion heal 2
a: no special abilities


You were in an ossuary.
You visited 1 branch of the dungeon, and saw 3 of its levels.
You also visited: Ossuary.

You collected 20 gold pieces.

Inventory:

Hand Weapons
 b - a +0 short sword (weapon)
Armour
 a - a +0 buckler (worn)
 e - a +0 leather armour (worn)
Jewellery
 f - a +6 ring of strength (left hand)
Wands
 m - a wand of flame (37)
 o - a wand of iceblast (8)
Scrolls
 g - a scroll of vulnerability
 h - a scroll of magic mapping {unknown}
 j - 2 scrolls of immolation
 l - a scroll of enchant weapon {unknown}
 p - a scroll of teleportation {unknown}
 r - a scroll of fear {unknown}
Potions
 d - 4 potions of curing {@q1}
 i - 2 potions of resistance {unknown}
 k - a potion of lignification {unknown}
 n - a potion of haste {unknown}
 q - a potion of brilliance {unknown}
Miscellaneous
 c - a piece from Xom's chessboard (12/15) (quivered)


   Skills:
 + Level 2.2 Fighting
 * Level 3.2 Short Blades
 - Level 4.5 Maces & Flails
 - Level 1.0 Throwing
 + Level 1.7 Evocations


You had 3 spell levels left.
You didn't know any spells.
Your spell library was empty.

Dungeon Overview and Level Annotations

Branches:
Dungeon (4/15)            Ossuary (1/1)
 Temple: D:4-7

Altars:
Xom

Annotations:
D:4 1 runed translucent door, Crazy Yiuf


Innate Abilities, Weirdness & Mutations

You have extremely sharp teeth.
Your natural rate of healing is unusually fast.
When hurt, damage is shared between your health and your magic reserves.
Your bite disrupts and absorbs the magic of your enemies.
Potions cannot restore your health.


Message History

Aim: a wight, wielding a +3 battleaxe and wearing a +0 robe (71% to hit)
The puff of flame hits the wight.
The wight is moderately damaged.
The wight barely misses you.
Aiming: Throw Flame
Press: ? - help, Shift-Dir - straight line, f/p - wight
Aim: a wight, wielding a +3 battleaxe and wearing a +0 robe (moderately damaged, 71% to hit)
The puff of flame hits the wight but does no damage.
The wight is moderately damaged.
The wight hits you with a +3 battleaxe!
You feel drained.
Aiming: Throw Flame
Press: ? - help, Shift-Dir - straight line, f/p - wight
Aim: a wight, wielding a +3 battleaxe and wearing a +0 robe (moderately damaged, 71% to hit)
The puff of flame hits the wight.
The wight is heavily damaged.
The wight barely misses you.
Aiming: Throw Flame
Press: ? - help, Shift-Dir - straight line, f/p - wight
Aim: a wight, wielding a +3 battleaxe and wearing a +0 robe (heavily damaged, 71% to hit)
The puff of flame hits the wight.
The wight is severely damaged.
The wight hits you with a +3 battleaxe!
Aiming: Throw Flame
Press: ? - help, Shift-Dir - straight line, f/p - wight
Aim: a wight, wielding a +3 battleaxe and wearing a +0 robe (severely damaged, 71% to hit)
The puff of flame hits the wight but does no damage.
The wight is severely damaged.
The wight barely misses you.
You hit the wight but do no damage.
The wight is severely damaged.
You block the wight's attack.
You hit the wight but do no damage. You bite the wight, but do no damage.
The wight is severely damaged.
The wight hits you with a +3 battleaxe!
* * * LOW HITPOINT WARNING * * *
You hit the wight.
The wight is almost destroyed.
The wight hits you with a +3 battleaxe!!
Ouch! That really hurt!
You die...

#################
#.. ...........@#
#.+ #..###..##z.#
#.# #..# #..#.#.#
#.###..###..###.#
#...............#
##.###.......###.#
.'.# #.......#z#.#
##.# #.......###.#
#...............#


You could see a wight.

Vanquished Creatures
  A jelly (D:4)
  An adder zombie (Ossuary)
  4 orcs (D:4)
  4 ball pythons (D:1)
  A bat (D:1)
  3 endoplasms (D:1)
  3 giant cockroaches
  7 goblins
  4 hobgoblins
  3 quokkas
  A frilled lizard (D:1)
  A hobgoblin skeleton (Ossuary)
  2 hobgoblin zombies (Ossuary)
  5 kobolds
  A kobold zombie (Ossuary)
  4 orc zombies (Ossuary)
  2 rats
47 creatures vanquished.

Notes
Turn   | Place    | Note
-------+----------+-------------------------------------------
     0 | D:1      | freelancePsychic the Vine Stalker Wanderer began the quest
                  | for the Orb.
     0 | D:1      | freelancePsychic set off with the following items: a +2
                  | mace, a +0 short sword, a piece from Xom's chessboard
                  | (15/15), a potion of curing {@q1}, a +0 leather armour
     0 | D:1      | Reached XP level 1. HP: 10/10 MP: 2/2
    72 | D:1      | Reached XP level 2. HP: 1/14 MP: 0/3
   844 | D:1      | Reached XP level 3. HP: 14/18 MP: 4/4
  1668 | D:2      | You fall into a shaft and drop 2 floors!
  1787 | D:4      | Found a runed translucent door.
  1788 | D:4      | Noticed Crazy Yiuf
  1836 | D:4      | Gained mutation: Your natural rate of healing is unusually
                  | fast. [Vine Stalker growth]
  1836 | D:4      | Reached XP level 4. HP: 13/23 MP: 5/5
  1856 | D:4      | Found a sand-covered staircase.
  1913 | D:4      | Found a shimmering altar of Xom.
  1924 | Ossuary  | Entered an ossuary
  2038 | Ossuary  | Noticed a flying skull
  2038 | Ossuary  | Noticed a wraith
  2051 | Ossuary  | Noticed a flying skull
  2088 | Ossuary  | Demolished by a wight

Illustrated notes

Levels and vault maps discovered:
D:1:      minmay_arrival_hallway, layout_loops_ring, minmay_split_cup_large
D:2:      layout_basic, chequers_ecumenical_altar_twisty, dk_noncrumbling_2,
          chequers_serial_rivers_small_b, minmay_box_of_dots, uniq_terence
D:4:      minmay_recursive_quarters, layout_basic, xom_butterflies,
          nicolae_ossuary_entry_monument, roderic_cross_of_infinity,
          feat_on_display, uniq_natasha, uniq_crazy_yiuf_cottage, uniq_ijyb
Ossuary:  ossuary_due_cavern

Skill      XL: |  1  2  3 |
---------------+----------+-----
Short Blades   | 2 3 |  3.2
Fighting       | 2 |  2.2
Maces & Flails | |  4.5
Throwing       | |  1.0
Evocations     | |  1.7

Action                   |  1- 3 |  4- 6 || total
-------------------------+-------+-------++-------
Melee: Mace              |    17 |       ||    17
       Bite              |    19 |    19 ||    38
       Short sword       |   101 |    70 ||   171
Evoke: Wand              |       |     5 ||     5
       Piece from Xom's  |       |     3 ||     3
  Use: Scroll            |     3 |     1 ||     4
Armor: Leather armour    |    32 |     5 ||    37
Dodge: Dodged            |    76 |    27 ||   103
Block: Buckler           |    14 |     6 ||    20

Table legend: (Time is in decaauts)
 A = Elapsed time spent in this place.
 B = Non-inter-level travel time spent in this place.
 C = Inter-level travel time spent in this place.
 D = Time resting spent in this place.
 E = Time spent auto-exploring this place.
 F = Levels seen in this place.
 G = Mean time per level.
                   A        B        C        D        E       F      G
               +--------+--------+--------+--------+--------+-----+--------+
         Total |   2092 |   2055 |     37 |     11 |   1523 |   4 |  523.0 |
       Dungeon |   1929 |   1892 |     37 |     11 |   1434 |   3 |  643.0 |
       Ossuary |    163 |    163 |      0 |      0 |     89 |   1 |  163.0 |
               +--------+--------+--------+--------+--------+-----+--------+

Top non-repeatable levels by time:
     D:1: 1643 daAuts
     D:4: 255 daAuts
 Ossuary: 163 daAuts
     D:2: 30 daAuts
